 Dungeon Crawl Stone Soup version 0.30-a0-263-ge22c4ad894 (webtiles) character file.

Game seed: 17515706736444583493

35 mopl the Magician (level 3, -26/21 HPs)
             Began as an Octopode Hedge Wizard on Oct 13, 2022.
             Killed by an exploding goblin (27 damage)
             ... ignited by their inner flame
             ... on level 2 of the Dungeon.
             The game lasted 00:02:35 (941 turns).

mopl the Magician (Octopode Hedge Wizard)            Turns: 941, Time: 00:02:35

Health: -26/21     AC:  1    Str:  9    XL:     3   Next: 33%
Magic:  5/7        EV: 17    Int: 18    God:
Gold:   22         SH:  0    Dex: 11    Spells: 0/8 levels left

rFire   . . .      SeeInvis .    a - +3 dagger
rCold   . . .      Faith    .    (no shield)
rNeg    . . .      Spirit   .    b - +0 hat
rPois   .          Reflect  .    (no amulet)
rElec   .          Harm     .    f - ring of willpower
rCorr   .          Rampage  .    g - +4 ring of evasion
Will    +....                    (no ring)
Stlth   +++.......               (no ring)
HPRegen 0.23/turn                (no ring)
MPRegen 0.10/turn                (no ring)
                                 (no ring)
                                 (no ring)

@: on blink cooldown
A: almost no armour, amphibious, 8 rings, camouflage 1, gelatinous body 1,
(nimble swimmer 1), tentacles
a: no special abilities


You were on level 2 of the Dungeon.
You visited 1 branch of the dungeon, and saw 2 of its levels.

You collected 22 gold pieces.

Inventory:

Hand Weapons
 a - a +3 dagger (weapon)
Armour
 b - a +0 hat (worn)
Jewellery
 f - a ring of willpower (left tentacle)
 g - a +4 ring of evasion (right tentacle)
Potions
 c - a potion of magic
 d - a potion of mutation {unknown}
 e - 2 potions of curing {unknown}
 i - 2 potions of might {unknown}


   Skills:
 - Level 2.0 Dodging
 - Level 2.6 Stealth
 * Level 3.3 Spellcasting
 * Level 2.0 Conjurations
 + Level 1.4 Summonings
 + Level 1.5 Translocations
 + Level 0.0 Air Magic
 + Level 0.0 Poison Magic


You couldn't memorise any spells.
You knew the following spells:

 Your Spells              Type           Power      Damage    Failure   Level
a - Magic Dart            Conj           40%        1d5       7%          1
b - Call Imp              Summ           8%         N/A       13%         2
c - Mephitic Cloud        Conj/Pois/Air  5%         N/A       34%         3
e - Blink                 Tloc           16%        N/A       13%         2

Your spell library contained the following spells:

 Spells                   Type           Power      Damage    Failure   Level
 Slow                     Hex            12%        N/A       16%         1
 Cigotuvi's Dreadful Rot  Necr/Pois/Air  6%         N/A       24%         2


Dungeon Overview and Level Annotations

Branches:
Dungeon (2/15)

Altars:

Annotations:
D:2 Robin


Innate Abilities, Weirdness & Mutations

You cannot wear most types of armour.
You are amphibious.
You can wear up to eight rings at the same time.
Your skin changes colour to match your surroundings (Stealth+).
Your rubbery body absorbs attacks. (AC +1, EV +1)
((You are camouflaged when in or above water. (Stealth+)))
You have tentacles for arms and can constrict up to eight enemies at once.


Message History

Unknown command.
Casting: Blink (safe; 13% risk of failure)
Confirm with . or Enter, or press ? or * to list all spells.
You are still too unstable to blink.
Unknown command.
Unknown command.
Unknown command.
As you read the scroll labelled JEORYD XIURPH, it crumbles to dust.
The creatures around you are filled with an inner flame!
It was a scroll of immolation.
The hobgoblin hits you. The goblin barely misses you.
The goblin hits you with a +0 club!
* * * LOW HITPOINT WARNING * * *
The hobgoblin hits you but does no damage.
The goblin completely misses you. The goblin closely misses you.
The hobgoblin misses you. The goblin misses you.
Unknown command.
As you read the scroll labelled JIYKARESOE, it crumbles to dust.
You feel a surge of unholy energy.
The hobgoblin convulses!
Flame seeps out of the hobgoblin.
The goblin convulses!
Flame seeps out of the goblin.
The goblin convulses!
Flame seeps out of the goblin.
The hobgoblin convulses!
Flame seeps out of the hobgoblin.
The hobgoblin convulses!
Flame seeps out of the hobgoblin.
The goblin convulses!
Flame seeps out of the goblin.
The goblin convulses!
Flame seeps out of the goblin.
The goblin convulses!
Flame seeps out of the goblin.
The goblin convulses!
Flame seeps out of the goblin.
The goblin convulses!
Flame seeps out of the goblin.
The goblin convulses!
Flame seeps out of the goblin.
The goblin convulses!
Flame seeps out of the goblin.
Robin convulses!
Flame seeps out of Robin.
It was a scroll of torment.
The goblin is engulfed in blazing flames.
The goblin explodes!
The fiery explosion engulfs the goblin!!!
The fiery explosion engulfs the hobgoblin!!
The fiery explosion engulfs the goblin!!!
The goblin explodes!
The fiery explosion engulfs you!!
Ouch! That really hurt!
You die...

# #.....#
##...##
##.## #.#
#.# ##§##
##○§§##
##○○○g.##
##.g@gg..##
#..ggg....#
+....gg...+
#.........#
##.......##
##.....##
##...##
##+##


You could see Robin (inner flame), 2 hobgoblins and 6 goblins.

Vanquished Creatures
  3 dart slugs
  5 ball pythons (D:1)
  5 endoplasms (D:1)
  A hobgoblin (D:2)
  6 kobolds
  4 bats (D:1)
  5 goblins
  3 rats (D:1)
32 creatures vanquished.

Notes
Turn   | Place    | Note
-------+----------+-------------------------------------------
     0 | D:1      | mopl the Octopode Hedge Wizard began the quest for the Orb.
     0 | D:1      | Reached XP level 1. HP: 11/11 MP: 4/4
    80 | D:1      | Reached XP level 2. HP: 17/17 MP: 6/6
   458 | D:1      | Reached XP level 3. HP: 21/21 MP: 7/7
   842 | D:1      | Learned a level 2 spell: Blink
   845 | D:1      | Learned a level 2 spell: Call Imp
   849 | D:1      | Learned a level 3 spell: Mephitic Cloud
   917 | D:2      | Reached skill level 2 in Conjurations
   934 | D:2      | Noticed Robin
   940 | D:2      | HP: 1/21 [goblin/+0 club[Robin] (7)]
   941 | D:2      | Killed by an exploding goblin... ignited by their inner
                  | flame

Illustrated notes

Levels and vault maps discovered:
D:1:      dpeg_arrival_arbitrary_a, layout_basic, interstate_on_off,
          serial_bayou_crossing
D:2:      layout_loops_corners, shapermc_ecumenical_altar_ellora, basic_altar,
          kennysheep_generic_room_14, uniq_robin

Skill      XL: |  1  2  3 |
---------------+----------+-----
Conjurations   | 2 |  2.0
Dodging        | |  2.0
Stealth        | |  2.6
Spellcasting   | |  3.3
Summonings     | |  1.4
Translocations | |  1.5

Action                   || total
-------------------------++-------
Melee: Dagger            ||    54
       Tentacles         ||    11
       Constrict         ||    13
 Cast: Magic Dart        ||     9
       Blink             ||     1
  Use: Scroll            ||     2
 Stab: Sleeping          ||     9
Armor: Skin              ||    12
Dodge: Dodged            ||    45

Table legend: (Time is in decaauts)
 A = Elapsed time spent in this place.
 B = Non-inter-level travel time spent in this place.
 C = Inter-level travel time spent in this place.
 D = Time resting spent in this place.
 E = Time spent auto-exploring this place.
 F = Levels seen in this place.
 G = Mean time per level.
                   A        B        C        D        E       F      G
               +--------+--------+--------+--------+--------+-----+--------+
         Total |    939 |    905 |     34 |     83 |    601 |   2 |  469.5 |
       Dungeon |    939 |    905 |     34 |     83 |    601 |   2 |  469.5 |
               +--------+--------+--------+--------+--------+-----+--------+

Top non-repeatable levels by time:
     D:1: 815 daAuts
     D:2: 124 daAuts
